 Dungeon Crawl Stone Soup version 0.20.0-15-g7f486f2 (webtiles) character file.

55 viledemon the Skirmisher (level 3, 0/29 HPs)
             Began as a Demonspawn Abyssal Knight on June 10, 2017.
             Was a Follower of Lugonu.
             Succumbed to an adder's poison
             ... on level 2 of the Dungeon.
             The game lasted 00:09:28 (2163 turns).

viledemon the Skirmisher (DsAK)                     Turns: 2163, Time: 00:09:29

Health: 0/29       AC:  1    Str: 12    XL:     3   Next: 67%
Magic:  4/4        EV: 12    Int: 13    God:    Lugonu [*.....]
Gold:   96         SH:  0    Dex: 13    Spells: 2/2 levels left

rFire    . . .     SeeInvis .     - Unarmed
rCold    . . .     Gourm    .   (no shield)
rNeg     . . .     Faith    .   (no armour)
rPois    .         Spirit   .   (no helmet)
rElec    .         Reflect  .   (no cloak)
rCorr    .         Harm     .   (no gloves)
MR       .....                  d - +0 pair of boots
Stlth    ++........             (no amulet)
Regen    0.1/turn               (no ring)
MPRegen  0.1/turn               (no ring)

@: lethally poisoned (0 -> -9)
A: talons 1, nightstalker 1
a: Depart the Abyss, Renounce Religion


You were on level 2 of the Dungeon.
You worshipped Lugonu.
Lugonu was aware of your devotion.
You were not hungry.

You visited 1 branch of the dungeon, and saw 2 of its levels.
You visited the Abyss 1 time.

You collected 96 gold pieces.

Inventory:

Hand Weapons
 m - a +0 spear
 p - a +4 spear
Missiles
 l - 76 stones (quivered)
Armour
 a - a +0 leather armour
 d - a +0 pair of boots (worn)
 g - a +0 ring mail
Scrolls
 e - a scroll of identify {unknown}
 h - a scroll of remove curse {unknown}
 i - a scroll of recharging {unknown}
 n - a scroll of enchant weapon {unknown}
 o - a scroll of teleportation {unknown}
Comestibles
 b - 3 bread rations
 c - a royal jelly
 f - 3 meat rations
 j - a fruit


   Skills:
 + Level 3.4 Fighting
 + Level 2.4 Armour
 - Level 1.0 Dodging
 - Level 0.2 Stealth
 + Level 2.7 Unarmed Combat
 + Level 2.6 Invocations


You had 2 spell levels left.
You didn't know any spells.

Dungeon Overview and Level Annotations

Branches:
Dungeon (2/15)

Altars:


Innate Abilities, Weirdness & Mutations

You have sharp toenails.
You are slightly more attuned to the shadows.


Message History

You hit the adder.
The adder is almost dead.
The adder bites you.
* * * LOW HITPOINT WARNING * * *
You are more poisoned.
The adder poisons you! The adder barely misses you.
You closely miss the adder.
The adder is almost dead.
* * * LOW HITPOINT WARNING * * *
You feel sick. The adder bites you.
* * * LOW HITPOINT WARNING * * *
You hit the adder.
You kill the adder!
Lugonu accepts your kill.
* * * LOW HITPOINT WARNING * * *
You feel sick.
It was a potion of magic.
Magic courses through your body.
* * * LOW HITPOINT WARNING * * *
You feel sick.
You die...

........##.##
#..........#
#..........#####.# ...
#................###...
#..........####......##
#.............+........
#.#####.>.....#...(....
#.#.........#....(..#
#.+.......#.#..#@#
###..............#
#............###
#........##.##
#######..##.#
#.....##.# #.###.####
#.....# #######


There were no monsters in sight!

Vanquished Creatures
  An adder (D:2)
  2 dart slugs (D:1)
  A leopard gecko (D:2)
  4 giant cockroaches
  4 goblins (D:1)
  5 hobgoblins
  7 kobolds
  A quokka (D:2)
  6 bats
  2 frilled lizards
  5 rats (D:1)
38 creatures vanquished.

Notes
Turn   | Place    | Note
-------+----------+-------------------------------------------
     0 | Abyss:1  | viledemon the Demonspawn Abyssal Knight began the quest for the Orb.
     0 | Abyss:1  | Reached XP level 1. HP: 18/18 MP: 2/2
   108 | Abyss:1  | Noticed a sixfirhy
   108 | D:1      | Escaped the Abyss
   426 | D:1      | Gained mutation: You have sharp toenails. [demonic ancestry]
   426 | D:1      | Reached XP level 2. HP: 24/24 MP: 3/3
   734 | D:1      | Reached * piety under Lugonu
   907 | D:1      | Gained mutation: You are slightly more attuned to the shadows. [demonic ancestry]
   907 | D:1      | Reached XP level 3. HP: 16/29 MP: 4/4
  1238 | D:1      | Reached skill level 1 in Dodging
  2162 | D:2      | HP: 1/29 [poisoned by an adder]
  2163 | D:2      | Succumbed to an adder's poison

Skill      XL: |  1  2  3 |
---------------+----------+-----
Armour         | 2 |  2.4
Unarmed Combat | 2 |  2.7
Dodging        | 1 |  1.0
Fighting       | |  3.4
Stealth        | |  0.2
Invocations    | |  2.6

Action                   || total
-------------------------++-------
Melee: Unarmed           ||   175
       Punch             ||     1
Throw: Stone             ||    32
Invok: Depart the Abyss  ||     1
  Use: Potion            ||     1
  Eat: Chunk             ||     4
Armor: Leather armour    ||    22
       Skin              ||     5
Dodge: Dodged            ||   117
